 Dungeon Crawl Stone Soup version 0.28.0 (webtiles) character file.

Game seed: 15246710880758374094

191 willcat the Chopper (level 5, 0/46 HPs)
             Began as a Minotaur Gladiator on Feb 4, 2022.
             Slain by an orc (3 damage)
             ... on level 4 of the Dungeon.
             The game lasted 00:02:19 (3420 turns).

willcat the Chopper (Minotaur Gladiator)            Turns: 3420, Time: 00:02:20

Health: 0/46       AC:  6    Str: 21    XL:     5   Next: 42%
Magic:  4/4        EV: 11    Int:  5    God:
Gold:   111        SH:  0    Dex: 11    Spells: 4/4 levels left

rFire   + . .      SeeInvis .   a - +0 war axe
rCold   + . .      Faith    .   (no shield)
rNeg    . . .      Spirit   .   j - +0 scale mail
rPois   +          Reflect  .   c - +0 hat
rElec   .          Harm     .   o - scarf {rC+ rF+}
rCorr   .          Rampage  .   (no gloves)
Will    .....                   (no boots)
Stlth   ..........              (no amulet)
HPRegen 0.15/turn               r - ring of poison resistance
MPRegen 0.09/turn               (no ring)

@: no status effects
A: horns 2, retaliatory headbutt
a: no special abilities


You were on level 4 of the Dungeon.
You visited 1 branch of the dungeon, and saw 4 of its levels.

You collected 150 gold pieces.
You spent 39 gold pieces at shops.

Inventory:

Hand Weapons
 a - a +0 war axe (weapon)
Missiles
 d - 3 throwing nets (quivered)
Armour
 c - a +0 hat (worn)
 j - a +0 scale mail (worn)
 o - a scarf of resistance (worn)
Jewellery
 b - a +6 ring of dexterity
 r - a ring of poison resistance (left hand)
Scrolls
 e - a scroll of identify {unknown}
 f - 3 scrolls of silence {unknown}
 g - 2 scrolls of vulnerability {unknown}
 k - 2 scrolls of acquirement {unknown}
 m - a scroll of amnesia {unknown}
 s - a scroll of enchant armour {unknown}
Potions
 h - a potion of invisibility {unknown}
 i - 2 potions of ambrosia {unknown}
 l - a potion of degeneration {unknown}
 n - 2 potions of curing
 p - a potion of attraction {unknown}
 q - a potion of lignification {unknown}
 t - a potion of flight {unknown}


   Skills:
 + Level 4.0 Fighting
 + Level 4.9 Axes
 - Level 2.0 Throwing
 + Level 2.9 Armour
 + Level 4.4 Dodging


You had 4 spell levels left.
You didn't know any spells.
Your spell library was empty.

Dungeon Overview and Level Annotations

Branches:
Dungeon (4/15)
 Temple: D:4-7

Altars:

Shops:
D:2 *   D:4 ([


Innate Abilities, Weirdness & Mutations

You have a pair of horns on your head.
You reflexively headbutt those who attack you in melee.


Message History

An orc comes into view. It is wielding a +0 whip.
There are monsters nearby!
An orc priest and an orc wizard come into view.
The orc priest shouts!
The orc wizard shouts!
The orc shouts!
An orc comes into view. It is wielding a +0 club.
The orc wizard gestures wildly while chanting.
The orc wizard flickers and vanishes!
Deactivating autopickup; reactivate with Ctrl-A.
The orc priest moves out of view.
You barely miss the orc. The orc hits you but does no damage.
You hit the orc but do no damage. The orc closely misses you.
You furiously retaliate!
You headbutt the orc. The orc hits you but does no damage.
You closely miss the orc. You headbutt the orc, but do no damage.
The orc is almost dead.
You hear some strange, mumbled words.
Something tries to affect you, but you resist.
You slash the orc!
You kill the orc!
Your Fighting skill increases to level 4!
You miss something.
The orc priest calls down the wrath of Beogh upon you.
Beogh smites you! Something hits you.
You hit the orc but do no damage. You hit something.
Something hits you but does no damage.
You hit the orc but do no damage. You headbutt the orc.
The orc is almost dead.
You barely miss something. Something hits you.
The orc hits you but does no damage.
The orc priest invokes the aid of Beogh against you.
Beogh smites you! Something hits you but does no damage.
You are too injured to fight recklessly!
Unknown command.
Okay, then.
The orc priest invokes the aid of Beogh against you.
Beogh smites you!
* * * LOW HITPOINT WARNING * * *
There is a stone staircase leading down here.
The orc hits you with a +0 club.
You die...

#..##.........................
...###.........###............
...###.............∩......♣
.........####............♣#
#.......## ##....o.)##..♣
##.......## ##...o####.o♣
#..####..## ##...# #...♣ #..#
##..## ##o.## #..... ##.#
##..###.@.# .{..##. #.#
##......## o#o.# # #.#
##.#####..# o #.. ### ##.##
###.# ## #.# ##.## ## #.## ###


You could see an orc priest and 2 orcs.

Vanquished Creatures
  Terence (D:2)
  4 gnolls (D:3)
  6 adders
  A worm (D:2)
  3 dart slugs
  2 orcs
  7 ball pythons
  4 bats
  6 endoplasms
  5 giant cockroaches
  6 goblins
  3 hobgoblins
  3 jackals (D:2)
  2 quokkas
  2 frilled lizards (D:1)
  6 kobolds
  5 rats
66 creatures vanquished.

Notes
Turn   | Place    | Note
-------+----------+-------------------------------------------
     0 | D:1      | willcat the Minotaur Gladiator began the quest for the Orb.
     0 | D:1      | Reached XP level 1. HP: 18/18 MP: 0/0
   143 | D:1      | Reached XP level 2. HP: 25/25 MP: 1/1
   146 | D:1      | Reached skill level 1 in Armour
   699 | D:1      | Reached XP level 3. HP: 28/30 MP: 2/2
  1287 | D:2      | Noticed Terence
  1295 | D:2      | Killed Terence
  1296 | D:2      | Reached XP level 4. HP: 20/38 MP: 3/3
  1760 | D:2      | Found Niqaol's General Store.
  1768 | D:2      | Bought a potion of curing for 39 gold pieces
  2472 | D:3      | Reached XP level 5. HP: 5/46 MP: 4/4
  3325 | D:4      | Found Kyulaept's Antique Weapon Boutique.
  3387 | D:4      | Found Enanias's Antique Armour Shoppe.
  3420 | D:4      | Slain by an orc

Illustrated notes

Levels and vault maps discovered:
D:1:      dpeg_arrival_three_bigger_balls, layout_basic, serial_bayou_pond_e
D:2:      layout_basic, serial_shops, shop, st_stairs_11, uniq_terence
D:3:      layout_loops_cross, nicolae_overflow_hidden_temple, minmay_surrounded
D:4:      layout_layer_cave, general_overflow_altar, serial_shops,
          nicolae_shop_bloodbath_and_beyond, nicolae_shop_waterfront,
          nicolae_shop_waterfront, nicolae_square_shop, shop, st_stairs_6,
          minmay_stone_trees_small, minmay_cut_off

Skill      XL: |  1  2  3  4  5 |
---------------+----------------+-----
Armour         | 1 2 |  2.9
Axes           | 4 |  4.9
Fighting       | 3 4 |  4.0
Dodging        | 4 |  4.4
Throwing       | |  2.0

Action                   |  1- 3 |  4- 6 || total
-------------------------+-------+-------++-------
Melee: War axe           |    66 |    75 ||   141
       Headbutt          |    12 |    14 ||    26
       Punch             |     3 |       ||     3
Throw: Throwing net      |       |     1 ||     1
 Stab: Held in net/web   |       |     1 ||     1
Armor: Leather armour    |    17 |       ||    17
       Scale mail        |       |    34 ||    34
Dodge: Dodged            |    46 |    45 ||    91
